 Dungeon Crawl Stone Soup version 0.31-a0-175-g9f7f995f2b (webtiles) character file.

Game seed: 9484054691850101068

33074 qw the Cleaver (level 13, -2/82 HPs)
             Began as a Gargoyle Fighter on June 17, 2023.
             Was an Elder of Okawaru.
             Slain by a cane toad (4 damage)
             ... on level 5 of the Lair of Beasts.
             The game lasted 00:07:02 (13546 turns).

qw the Cleaver (Gargoyle Fighter)                  Turns: 13546, Time: 00:07:03

Health: -2/82      AC: 35    Str: 30    XL:     13   Next: 68%
Magic:  18/20      EV: 15    Int: 10    God:    Okawaru [****..]
Gold:   550        SH: 12    Dex:  9    Spells: 12/12 levels left

rFire   . . .        q - +0 morningstar
rCold   . . .        p - +0 kite shield
rNeg    + + .        o - +0 plate armour
rPois   inf          e - +0 helmet
rElec   +            (no cloak)
rCorr   .            y - +0 pair of gloves
SInv    .            i - +0 pair of boots
Will    .....        B - amulet of faith Stlth
                     m - ring "Wem Luqu" {rN+ EV+5 Str+6}
HPRegen 0.33/turn    b - +4 ring of protection
MPRegen 0.17/turn

%: faith
@: heroic
A: sickness immunity, AC +9, negative energy resistance 1, electricity
resistance, torment resistance 1, petrification resistance
a: Renounce Religion, Heroism, Finesse


You were on level 5 of the Lair of Beasts.
You worshipped Okawaru.
Okawaru was greatly pleased with you.
You visited 3 branches of the dungeon, and saw 15 of its levels.

You collected 850 gold pieces.
You spent 300 gold pieces at shops.


Innate Abilities, Weirdness & Mutations

You are immune to sickness and miasma.
Your stone body is resilient. (AC +9)
You are immune to poison.
You resist negative energy. (rN+)
You are resistant to electric shocks. (rElec)
You are resistant to unholy torment.
You are immune to petrification.


   Skills:
 - Level 10.0(15.0) Fighting
 - Level 13.0(18.0) Axes
 - Level 4.0(9.0) Throwing
 + Level 9.6(14.6) Armour
 - Level 2.1(7.1) Dodging
 - Level 11.0(16.0) Shields
 - Level 10.0 Invocations


You had 12 spell levels left.
You didn't know any spells.
Your spell library was empty.

Inventory:

Hand Weapons
 q - a +0 morningstar (weapon)
 Y - a +1 war axe of freezing
Missiles
 l - 6 boomerangs (quivered)
Armour
 e - a +0 helmet (worn)
 i - a +0 pair of boots (worn)
 o - a +0 plate armour (worn)
 p - a +0 kite shield (worn)
 y - a +0 pair of gloves (worn)
Jewellery
 b - a +4 ring of protection (right hand)
 k - a ring of ice
 m - the ring "Wem Luqu" (left hand) {rN+ EV+5 Str+6}
   (You found it on level 2 of the Dungeon)

   [ring of evasion]

   EV:        It affects your evasion (+5).
   Str:       It affects your strength (+6).
   rN:        It protects you from negative energy.
 A - an amulet of reflection
 B - an amulet of faith (around neck)
Scrolls
 f - 4 scrolls of identify
Potions
 a - 3 potions of curing
 d - 3 potions of might
 g - 6 potions of lignification
 h - 2 potions of magic
 j - 3 potions of resistance
 n - a potion of mutation
 t - a potion of cancellation
 u - a potion of attraction
 w - 4 potions of enlightenment

Dungeon Overview and Level Annotations

Branches:
Dungeon (9/15)             Temple (1/1) D:4            Lair (5/5) D:9
  Swamp (0/4) Lair:3        Snake (0/4) Lair:3
  Slime: Lair:4-5       Orc: D:9-12

Altars:
Cheibriados
Dithmenos
Elyvilon
Fedhas
Gozag
Hepliaklqana
Kikubaaqudgha
Makhleb
Nemelex Xobeh
Okawaru
Qazlal
Ru
Sif Muna
Trog
Uskayaw
Vehumet
Wu Jian
Yredelemnul
Zin
The Shining One

Shops:
D:5 *   D:6 ((*(:

Annotations:
D:3 2 transporters


Message History

13541 ||| SWAPPING to +0 morningstar.
Your +1 war axe of freezing stops glowing.
q - a +0 morningstar (weapon)
You block the cane toad's attack.
The basilisk bites you but does no damage.
13542 ||| SWAPPING to +1 war axe of freezing.
Your +1 war axe of freezing glows with a cold blue light!
Y - a +1 war axe of freezing (weapon)
You feel like a meek peon again. The cane toad closely misses you.
The five-headed hydra bites you!
The five-headed hydra bites you but does no damage. x2
You block the five-headed hydra's attack.
The five-headed hydra bites you.
13543 ||| INVOKING Heroism.
You gain the combat prowess of a mighty hero.
Your hands slow down.
The basilisk bites you but does no damage.
The cane toad stings you but does no damage.
The five-headed hydra closely misses you.
The five-headed hydra bites you! The five-headed hydra bites you.
You block the five-headed hydra's attack.
The five-headed hydra misses you.
13544 ||| SWAPPING to +0 morningstar.
Your +1 war axe of freezing stops glowing.
q - a +0 morningstar (weapon)
You block the basilisk's attack.
13545 ||| SWAPPING to +1 war axe of freezing.
Your +1 war axe of freezing glows with a cold blue light!
Y - a +1 war axe of freezing (weapon)
The cane toad misses you.
The five-headed hydra bites you but does no damage.
You block the five-headed hydra's attack. x2
The five-headed hydra bites you but does no damage.
You block the five-headed hydra's attack.
13546 ||| SWAPPING to +0 morningstar.
Your +1 war axe of freezing stops glowing.
q - a +0 morningstar (weapon)
The basilisk gazes at you.
You are unaffected.
The cane toad stings you.
You die...

### ##### ###########..
...P.#######..##.##....#
........................
........................
.......................<
......F.................
......l@.....<..........
......D.................
.....#.....#.P#.###.#..#
##.# ##.#..#P#### ######
# ######## #


You could see a five-headed hydra, a cane toad and a basilisk.

Vanquished Creatures
  A catoblepas (Lair:5)
  2 two-headed ogres (D:8)
  5 death yaks
  2 lindwurms
  Pikel (D:6)
  6 black mambas
  2 torpor snails
  8 cane toads
  Psyche (D:8)
  4 rime drakes
  6 komodo dragons
  A troll (D:9)
  4 polar bears
  19 blink frogs
  3 shadows (D:9)
  40 yaks
  2 wyverns
  5 basilisks
  A steam dragon (D:8)
  Grum (D:8)
  Duvessa (D:7)
  An acid dragon (D:9)
  2 nagas (Lair:3)
  13 water moccasins
  4 orc warriors
  4 ice beasts
  4 black bears
  A sky beast (D:7)
  2 ogres
  14 wolves
  2 centaurs
  4 kobold brigands
  10 bullfrogs
  3 gnoll sergeants
  A scorpion (Lair:1)
  5 wights (D:8)
  Dowan (D:7)
  8 killer bees
  An electric eel (Lair:2)
  3 howler monkeys (D:7)
  5 hounds
  2 jellies
  5 orc priests
  A sleepcap (D:6)
  2 gnoll boudas
  2 iguanas
  8 orc wizards
  7 hell rats (Lair:2)
  Robin (D:2)
  9 adders
  15 gnolls
  A shadow imp (D:5)
  2 white imps
  An ufetubus (D:4)
  2 worms (D:2)
  3 dart slugs
  18 orcs
  6 ball pythons
  4 bats (D:2)
  13 endoplasms
  3 giant cockroaches
  13 goblins
  3 hobgoblins
  3 jackals (D:3)
  4 quokkas
  3 frilled lizards
  25 kobolds
  6 rats
365 creatures vanquished.

Notes
Turn   | Place    | Note
-------+----------+-------------------------------------------
     0 | D:1      | qw the Gargoyle Fighter began the quest for the Orb.
     0 | D:1      | Reached XP level 1. HP: 14/14 MP: 1/1
     0 | D:1      | 0 ||| qw: Version: 0.3-a-2-g5ab2908
     0 | D:1      | 0 ||| qw: Game counter: 331
     0 | D:1      | 0 ||| qw: Always use a shield: true
     0 | D:1      | 0 ||| qw: God list: Okawaru
     0 | D:1      | 0 ||| qw: Allow faded altars: false
     0 | D:1      | 0 ||| qw: Do Orc after D:15 true
     0 | D:1      | 0 ||| qw: Do second Lair branch before Depths: true
     0 | D:1      | 0 ||| qw: Lair rune preference: random
     0 | D:1      | 0 ||| qw: Plans: Normal, Zot:1-4, Slime:5, God:TSO, Crypt,
                  | Tomb, Abyss, Pan, Hells, Win
     0 | D:1      | 0 ||| PLANNING D:1-11
    41 | D:1      | Reached skill level 2 in Axes
    59 | D:1      | 59 ||| FLEEEEING.
   153 | D:1      | Reached XP level 2. HP: 18/19 MP: 2/2
   406 | D:1      | Reached skill level 3 in Axes
   813 | D:1      | 813 ||| UPGRADING to +0 pair of boots.
   818 | D:1      | 818 ||| READING scroll labelled PEDENI UJEFA.
   831 | D:1      | 831 ||| READING scroll labelled JOUCEI QUBI.
   832 | D:1      | 832 ||| READING scroll labelled NERUKURREFIRIT.
   833 | D:1      | 833 ||| READING scroll labelled RAT OLETEGH.
   876 | D:2      | Reached XP level 3. HP: 23/23 MP: 3/3
   884 | D:2      | Found a sacrificial altar of Ru.
  1091 | D:2      | 1091 ||| Stepping ~*~*~tactically~*~*~ (hiding).
  1092 | D:2      | 1092 ||| Stepping ~*~*~tactically~*~*~ (hiding).
  1093 | D:2      | 1093 ||| Stepping ~*~*~tactically~*~*~ (hiding).
  1113 | D:2      | 1113 ||| Stepping ~*~*~tactically~*~*~ (stealth).
  1117 | D:2      | 1117 ||| Stepping ~*~*~tactically~*~*~ (stealth).
  1130 | D:2      | 1130 ||| Stepping ~*~*~tactically~*~*~ (stealth).
  1140 | D:2      | 1140 ||| Stepping ~*~*~tactically~*~*~ (stealth).
  1142 | D:2      | 1142 ||| Stepping ~*~*~tactically~*~*~ (stealth).
  1396 | D:2      | 1396 ||| Stepping ~*~*~tactically~*~*~ (stealth).
  1407 | D:2      | Reached XP level 4. HP: 28/28 MP: 4/4
  1438 | D:2      | 1438 ||| DROPPING +0 club.
  1457 | D:2      | Noticed Robin
  1469 | D:2      | Reached skill level 4 in Axes
  1476 | D:2      | Killed Robin
  1647 | D:2      | Identified the ring "Wem Luqu" {rN+ EV+5 Str+6}
  1767 | D:2      | 1767 ||| UPGRADING to +1 hat.
  1772 | D:2      | 1772 ||| UPGRADING to +0 helmet.
  1782 | D:2      | 1782 ||| DROPPING +1 hat.
  1783 | D:2      | 1783 ||| UPGRADING to ring "Wem Luqu" {rN+ EV+5 Str+6}.
  1784 | D:2      | 1784 ||| DRINKING 3 coppery potions.
  1854 | D:3      | 1854 ||| Stepping ~*~*~tactically~*~*~ (stealth).
  1862 | D:3      | Reached XP level 5. HP: 32/32 MP: 5/5
  1866 | D:3      | 1866 ||| Stepping ~*~*~tactically~*~*~ (hiding).
  1993 | D:3      | 1993 ||| Stepping ~*~*~tactically~*~*~ (hiding).
  1999 | D:3      | 1999 ||| Stepping ~*~*~tactically~*~*~ (hiding).
  2211 | D:3      | Found a transporter.
  2212 | D:3      | 2212 ||| Stepping ~*~*~tactically~*~*~ (hiding).
  2213 | D:3      | 2213 ||| Stepping ~*~*~tactically~*~*~ (hiding).
  2374 | D:3      | 2374 ||| DROPPING +2 mace of protection.
  2380 | D:3      | You fall into a shaft and drop 2 floors!
  2380 | D:5      | Entered Level 5 of the Dungeon
  2412 | D:5      | Noticed a black bear
  2417 | D:5      | Killed a black bear
  2418 | D:5      | Reached skill level 5 in Axes
  2418 | D:5      | Reached XP level 6. HP: 34/37 MP: 6/6
  2463 | D:5      | 2463 ||| Stepping ~*~*~tactically~*~*~ (stealth).
  2483 | D:5      | Reached skill level 1 in Throwing
  2501 | D:5      | 2501 ||| DROPPING +0 flail.
  2546 | D:5      | 2546 ||| Stepping ~*~*~tactically~*~*~ (stealth).
  2547 | D:5      | 2547 ||| Stepping ~*~*~tactically~*~*~ (stealth).
  2548 | D:5      | 2548 ||| Stepping ~*~*~tactically~*~*~ (stealth).
  2551 | D:5      | 2551 ||| Stepping ~*~*~tactically~*~*~ (stealth).
  2583 | D:5      | 2583 ||| UPGRADING to +0 plate armour.
  2593 | D:5      | 2593 ||| DROPPING +0 scale mail.
  2594 | D:5      | 2594 ||| DRINKING 2 green potions.
  2595 | D:5      | 2595 ||| DRINKING 2 glowing silvery potions.
  2620 | D:5      | 2620 ||| READING 4 scrolls of identify.
  2620 | D:5      | 2620 ||| IDENTIFYING yellow potion
  2621 | D:5      | 2621 ||| READING 3 scrolls of identify.
  2621 | D:5      | 2621 ||| IDENTIFYING glowing puce potion
  2622 | D:5      | 2622 ||| READING 2 scrolls of identify.
  2622 | D:5      | 2622 ||| IDENTIFYING white potion
  2623 | D:5      | 2623 ||| DROPPING potion of degeneration.
  2645 | D:5      | 2645 ||| Stepping ~*~*~tactically~*~*~ (stealth).
  2646 | D:5      | 2646 ||| Stepping ~*~*~tactically~*~*~ (stealth).
  2650 | D:5      | 2650 ||| Stepping ~*~*~tactically~*~*~ (hiding).
  2651 | D:5      | HP: 6/38 [centaur/arrow (10)]
  2657 | D:5      | HP: 4/38 [centaur (4)]
  2661 | D:5      | Reached skill level 6 in Axes
  2661 | D:5      | Reached XP level 7. HP: 4/43 MP: 7/7
  2897 | D:4      | 2897 ||| Stepping ~*~*~tactically~*~*~ (stealth).
  2913 | D:4      | Reached skill level 1 in Dodging
  2944 | D:4      | 2944 ||| Stepping ~*~*~tactically~*~*~ (stealth).
  2952 | D:4      | 2952 ||| Stepping ~*~*~tactically~*~*~ (stealth).
  2954 | D:4      | 2954 ||| Stepping ~*~*~tactically~*~*~ (stealth).
  2955 | D:4      | 2955 ||| Stepping ~*~*~tactically~*~*~ (stealth).
  2973 | D:4      | 2973 ||| Stepping ~*~*~tactically~*~*~ (stealth).
  2979 | D:4      | 2979 ||| READING scroll labelled DOXEUNG XOPHA.
  2980 | D:4      | 2980 ||| PLANNING TEMPLE
  2980 | D:4      | 2980 ||| READING 2 scrolls of identify.
  2980 | D:4      | 2980 ||| IDENTIFYING fuming black potion
  2986 | D:4      | 2986 ||| STAIRDANCE
  2991 | D:4      | 2991 ||| STAIRDANCE
  2995 | D:4      | 2995 ||| STAIRDANCE
  2999 | D:4      | 2999 ||| STAIRDANCE
  3003 | D:4      | 3003 ||| STAIRDANCE
  3007 | D:4      | 3007 ||| STAIRDANCE
  3011 | D:4      | 3011 ||| STAIRDANCE
  3015 | D:4      | 3015 ||| STAIRDANCE
  3019 | D:4      | 3019 ||| STAIRDANCE
  3023 | D:4      | 3023 ||| STAIRDANCE
  3027 | D:4      | 3027 ||| STAIRDANCE
  3031 | D:4      | 3031 ||| STAIRDANCE
  3035 | D:4      | 3035 ||| STAIRDANCE
  3039 | D:4      | 3039 ||| STAIRDANCE
  3043 | D:4      | 3043 ||| STAIRDANCE
  3047 | D:4      | 3047 ||| STAIRDANCE
  3051 | D:4      | 3051 ||| STAIRDANCE
  3055 | D:4      | 3055 ||| STAIRDANCE
  3059 | D:4      | 3059 ||| STAIRDANCE
  3063 | D:4      | 3063 ||| STAIRDANCE
  3082 | D:4      | 3082 ||| Stepping ~*~*~tactically~*~*~ (stealth).
  3084 | D:4      | Found a white marble altar of Elyvilon.
  3135 | D:4      | 3135 ||| Stepping ~*~*~tactically~*~*~ (hiding).
  3157 | D:4      | Found a staircase to the Ecumenical Temple.
  3164 | Temple   | Entered the Ecumenical Temple
  3183 | Temple   | 3183 ||| PLANNING OKAWARU WORSHIP
  3342 | Temple   | Became a worshipper of Warmaster Okawaru
  3343 | Temple   | 3343 ||| PLANNING D:1-11
  3530 | D:3      | Found a transporter.
  3826 | D:4      | 3826 ||| Stepping ~*~*~tactically~*~*~ (hiding).
  4183 | D:4      | 4183 ||| READING scroll labelled RAFAON XOPNY.
  4184 | D:4      | 4184 ||| READING scroll labelled IKEH VE GEQOPT.
  4184 | D:4      | Identified a scroll of acquirement
  4184 | D:4      | 4184 ||| ACQUIRING ring "Gyxtog Xucar" {Fly rN++ Int-3}
  4184 | D:4      | Acquired the ring "Gyxtog Xucar" {Fly rN++ Int-3}
  4186 | D:4      | 4186 ||| UPGRADING to ring "Gyxtog Xucar" {Fly rN++ Int-3}.
  4338 | D:5      | Found a hazy altar of Hepliaklqana.
  4359 | D:5      | Found Oronga Palirgh's Overcharged Wands.
  4368 | D:5      | 4368 ||| SHOPLISTING wand of digging (11) (693 gold, have
                  | 276).
  4442 | D:5      | HP: 10/43 [gnoll/+0 spear[a gnoll bouda] (5)]
  4443 | D:5      | 4443 ||| READING scroll of teleportation.
  4444 | D:5      | 4444 ||| DRINKING potion of heal wounds.
  4526 | D:5      | 4526 ||| Stepping ~*~*~tactically~*~*~ (stealth).
  4527 | D:5      | 4527 ||| Stepping ~*~*~tactically~*~*~ (stealth).
  4533 | D:5      | 4533 ||| Stepping ~*~*~tactically~*~*~ (stealth).
  4537 | D:5      | 4537 ||| FLEEEEING.
  4538 | D:5      | 4538 ||| FLEEEEING.
  4539 | D:5      | 4539 ||| FLEEEEING.
  4540 | D:5      | 4540 ||| FLEEEEING.
  4545 | D:5      | 4545 ||| FLEEEEING.
  4546 | D:5      | 4546 ||| FLEEEEING.
  4547 | D:5      | 4547 ||| FLEEEEING.
  4548 | D:5      | 4548 ||| FLEEEEING.
  4549 | D:5      | 4549 ||| FLEEEEING.
  4550 | D:5      | 4550 ||| FLEEEEING.
  4551 | D:5      | 4551 ||| STAIRDANCE
  4603 | D:4      | 4603 ||| READING 2 scrolls of identify.
  4603 | D:4      | 4603 ||| IDENTIFYING grey potion
  4610 | D:5      | 4610 ||| STAIRDANCE
  4612 | D:4      | 4612 ||| DRINKING 4 potions of curing.
  4612 | D:4      | 4612 ||| (to cure confusion)
  4639 | D:5      | Reached skill level 7 in Axes
  4639 | D:5      | Reached XP level 8. HP: 35/48 MP: 8/8
  4906 | D:6      | 4906 ||| DRINKING 3 potions of curing.
  4906 | D:6      | 4906 ||| (to cure confusion)
  4945 | D:6      | 4945 ||| Stepping ~*~*~tactically~*~*~ (stealth).
  4957 | D:6      | Reached * piety under Okawaru
  5021 | D:6      | Noticed Pikel
  5022 | D:6      | 5022 ||| INVOKING Heroism.
  5032 | D:6      | 5032 ||| INVOKING Heroism.
  5033 | D:6      | Killed Pikel
  5034 | D:6      | Reached skill level 8 in Axes
  5074 | D:6      | Found Diujug's Antique Weapon Shoppe.
  5083 | D:6      | Noticed a yak
  5084 | D:6      | Noticed a yak
  5087 | D:6      | Noticed a yak
  5087 | D:6      | Noticed a yak
  5088 | D:6      | 5088 ||| INVOKING Heroism.
  5095 | D:6      | Killed a yak
  5096 | D:6      | Reached XP level 9. HP: 39/54 MP: 6/10
  5101 | D:6      | 5101 ||| INVOKING Heroism.
  5102 | D:6      | HP: 9/54 [yak (11)]
  5105 | D:6      | Reached skill level 3 in Invocations
  5106 | D:6      | HP: 2/54 [yak (8)]
  5107 | D:6      | Reached ** piety under Okawaru
  5289 | D:6      | 5289 ||| READING 2 scrolls of identify.
  5289 | D:6      | 5289 ||| IDENTIFYING fizzy brown potion
  5293 | D:6      | Found Vempylemn's Book Shop.
  5387 | D:6      | Reached skill level 6 in Fighting
  5412 | D:6      | 5412 ||| Stepping ~*~*~tactically~*~*~ (hiding).
  5424 | D:6      | 5424 ||| Stepping ~*~*~tactically~*~*~ (hiding).
  5445 | D:6      | 5445 ||| INVOKING Heroism.
  5450 | D:6      | Reached skill level 9 in Axes
  5456 | D:6      | Found Tism's Assorted Antiques.
  5458 | D:6      | 5458 ||| INVOKING Heroism.
  5487 | D:6      | 5487 ||| FLEEEEING.
  5488 | D:6      | 5488 ||| FLEEEEING.
  5489 | D:6      | 5489 ||| FLEEEEING.
  5579 | D:6      | 5579 ||| SHOPLISTING ice dragon scales (1440 gold, have
                  | 319).
  5579 | D:6      | 5579 ||| BUYING potion of might (96 gold).
  5579 | D:6      | Bought a potion of might for 96 gold pieces
  5579 | D:6      | 5579 ||| BUYING runed flail (156 gold).
  5579 | D:6      | Bought a runed flail for 156 gold pieces
  5579 | D:6      | 5579 ||| BUYING scroll labelled NEFRUTR CAINO (24 gold).
  5579 | D:6      | Bought a scroll labelled NEFRUTR CAINO for 24 gold pieces
  5579 | D:6      | 5579 ||| BUYING scroll labelled NEFRUTR CAINO (24 gold).
  5579 | D:6      | Bought a scroll labelled NEFRUTR CAINO for 24 gold pieces
  5579 | D:6      | 5579 ||| DROPPING +0 flail of venom.
  5602 | D:6      | 5602 ||| Stepping ~*~*~tactically~*~*~ (stealth).
  5604 | D:6      | 5604 ||| Stepping ~*~*~tactically~*~*~ (stealth).
  5608 | D:6      | 5608 ||| Stepping ~*~*~tactically~*~*~ (stealth).
  5630 | D:6      | Reached skill level 6 in Armour
  5630 | D:6      | Reached XP level 10. HP: 51/63 MP: 13/13
  5675 | D:6      | Found Plog's Weapon Shop.
  5721 | D:6      | Found Esoset Zec's Weapon Boutique.
  5725 | D:6      | 5725 ||| SHOPLISTING +2 morningstar of protection (184
                  | gold, have 19).
  5725 | D:6      | 5725 ||| SHOPLISTING +5 war axe of Arrival {freeze, rN++}
                  | (536 gold, have 19).
  5901 | D:6      | Reached *** piety under Okawaru
  5902 | D:6      | Reached skill level 3 in Throwing
  5967 | D:6      | 5967 ||| UPGRADING to +0 kite shield.
  5977 | D:6      | 5977 ||| DROPPING +0 buckler.
  5978 | D:6      | 5978 ||| READING scroll labelled FOORRAERCHE.
  5979 | D:6      | 5979 ||| READING 2 scrolls labelled NEFRUTR CAINO.
  5980 | D:6      | 5980 ||| DROPPING scroll of amnesia.
  6061 | D:7      | 6061 ||| Stepping ~*~*~tactically~*~*~ (stealth).
  6063 | D:7      | 6063 ||| Stepping ~*~*~tactically~*~*~ (stealth).
  6233 | D:7      | Noticed Duvessa
  6234 | D:7      | 6234 ||| INVOKING Heroism.
  6235 | D:7      | Noticed Dowan
  6236 | D:7      | 6236 ||| Stepping ~*~*~tactically~*~*~ (stealth).
  6238 | D:7      | Killed Duvessa
  6242 | D:7      | Killed Dowan
  6546 | D:7      | 6546 ||| INVOKING Heroism.
  6856 | D:7      | Reached skill level 6 in Shields
  6906 | D:7      | 6906 ||| READING scroll labelled DIEBIA OFAODE.
  7015 | D:8      | Noticed Psyche
  7016 | D:8      | 7016 ||| INVOKING Heroism.
  7025 | D:8      | Killed Psyche
  7213 | D:8      | 7213 ||| INVOKING Heroism.
  7221 | D:8      | 7221 ||| Stepping ~*~*~tactically~*~*~ (stealth).
  7224 | D:8      | 7224 ||| Stepping ~*~*~tactically~*~*~ (stealth).
  7224 | D:8      | Noticed Grum
  7231 | D:8      | 7231 ||| INVOKING Heroism.
  7247 | D:8      | Killed Grum
  7249 | D:8      | 7249 ||| FLEEEEING.
  7254 | D:8      | 7254 ||| FLEEEEING.
  7340 | D:8      | 7340 ||| FLEEEEING.
  7341 | D:8      | 7341 ||| FLEEEEING.
  7342 | D:8      | 7342 ||| FLEEEEING.
  7348 | D:8      | 7348 ||| FLEEEEING.
  7349 | D:8      | 7349 ||| FLEEEEING.
  7352 | D:8      | 7352 ||| FLEEEEING.
  7353 | D:8      | 7353 ||| FLEEEEING.
  7354 | D:8      | 7354 ||| FLEEEEING.
  7357 | D:8      | 7357 ||| FLEEEEING.
  7358 | D:8      | 7358 ||| FLEEEEING.
  7359 | D:8      | 7359 ||| FLEEEEING.
  7360 | D:8      | 7360 ||| FLEEEEING.
  7361 | D:8      | 7361 ||| FLEEEEING.
  7367 | D:8      | 7367 ||| INVOKING Heroism.
  7605 | D:8      | 7605 ||| INVOKING Heroism.
  7632 | D:8      | Noticed a two-headed ogre
  7633 | D:8      | 7633 ||| INVOKING Heroism.
  7638 | D:8      | Killed a two-headed ogre
  7639 | D:8      | Reached skill level 9 in Shields
  7639 | D:8      | 7639 ||| Stepping ~*~*~tactically~*~*~ (stealth).
  7692 | D:8      | Noticed a two-headed ogre
  7693 | D:8      | 7693 ||| INVOKING Heroism.
  7696 | D:8      | Killed a two-headed ogre
  7697 | D:8      | Reached skill level 10 in Axes
  7697 | D:8      | Reached XP level 11. HP: 56/67 MP: 11/14
  7769 | D:8      | Found a hide-covered altar of Uskayaw.
  7770 | D:8      | 7770 ||| Stepping ~*~*~tactically~*~*~ (hiding).
  7976 | D:8      | Found a sparkling altar of Nemelex Xobeh.
  8117 | D:8      | 8117 ||| UPGRADING to amulet of reflection.
  8122 | D:8      | 8122 ||| UPGRADING to +4 ring of protection.
  8124 | D:8      | 8124 ||| DROPPING +6 ring of dexterity.
  8125 | D:8      | 8125 ||| DROPPING ring "Gyxtog Xucar" {Fly rN++ Int-3}.
  8126 | D:8      | 8126 ||| READING scroll labelled XAWIEZ HOGOU.
  8127 | D:8      | 8127 ||| READING 2 scrolls of identify.
  8127 | D:8      | 8127 ||| IDENTIFYING fizzy green potion
  8214 | D:9      | 8214 ||| INVOKING Heroism.
  8288 | D:9      | 8288 ||| INVOKING Heroism.
  8307 | D:9      | Found a staircase to the Lair.
  8318 | D:9      | 8318 ||| Stepping ~*~*~tactically~*~*~ (hiding).
  8328 | D:9      | 8328 ||| Stepping ~*~*~tactically~*~*~ (hiding).
  8379 | D:9      | 8379 ||| Stepping ~*~*~tactically~*~*~ (hiding).
  8492 | D:9      | 8492 ||| Stepping ~*~*~tactically~*~*~ (stealth).
  8493 | D:9      | 8493 ||| Stepping ~*~*~tactically~*~*~ (stealth).
  8632 | D:9      | Found a glowing golden altar of the Shining One.
  8640 | D:9      | 8640 ||| INVOKING Heroism.
  8958 | D:9      | 8958 ||| PLANNING LAIR
  8966 | Lair:1   | Entered Level 1 of the Lair of Beasts
  8970 | Lair:1   | 8970 ||| STAIRDANCE
  9003 | Lair:1   | 9003 ||| STAIRDANCE
  9111 | Lair:1   | 9111 ||| INVOKING Heroism.
  9121 | Lair:1   | Reached skill level 11 in Axes
  9123 | Lair:1   | Reached **** piety under Okawaru
  9141 | Lair:1   | 9141 ||| INVOKING Heroism.
  9179 | Lair:1   | 9179 ||| INVOKING Heroism.
  9331 | Lair:1   | 9331 ||| Stepping ~*~*~tactically~*~*~ (stealth).
  9333 | Lair:1   | 9333 ||| Stepping ~*~*~tactically~*~*~ (stealth).
  9442 | Lair:1   | 9442 ||| INVOKING Heroism.
  9451 | Lair:1   | Received a gift from Okawaru
  9455 | Lair:1   | Reached skill level 6 in Invocations
  9492 | Lair:1   | 9492 ||| INVOKING Heroism.
  9497 | Lair:1   | Reached ***** piety under Okawaru
  9503 | Lair:1   | Reached XP level 12. HP: 75/75 MP: 16/16
  9504 | Lair:1   | 9504 ||| INVOKING Heroism.
  9507 | Lair:1   | Reached skill level 9 in Fighting
  9857 | Lair:1   | 9857 ||| UPGRADING to +0 pair of gloves.
  9862 | Lair:1   | 9862 ||| UPGRADING to amulet of faith.
  9872 | Lair:1   | 9872 ||| DROPPING ring of magical power.
  9873 | Lair:1   | 9873 ||| READING scroll labelled TYXTAI RIMIFO.
  9874 | Lair:1   | 9874 ||| READING 3 scrolls of identify.
  9874 | Lair:1   | 9874 ||| IDENTIFYING cyan potion
  9875 | Lair:1   | 9875 ||| DROPPING potion of berserk rage.
  9906 | Lair:2   | 9906 ||| STAIRDANCE
  9909 | Lair:1   | 9909 ||| INVOKING Heroism.
 10006 | Lair:2   | 10006 ||| Stepping ~*~*~tactically~*~*~ (stealth).
 10007 | Lair:2   | 10007 ||| Stepping ~*~*~tactically~*~*~ (stealth).
 10012 | Lair:2   | 10012 ||| Stepping ~*~*~tactically~*~*~ (stealth).
 10021 | Lair:2   | Noticed a death yak
 10022 | Lair:2   | 10022 ||| INVOKING Heroism.
 10027 | Lair:2   | Noticed a death yak
 10029 | Lair:2   | Killed a death yak
 10038 | Lair:2   | Killed a death yak
 10038 | Lair:2   | Received a gift from Okawaru
 10252 | Lair:2   | 10252 ||| Stepping ~*~*~tactically~*~*~ (stealth).
 10256 | Lair:2   | 10256 ||| INVOKING Heroism.
 10283 | Lair:2   | 10283 ||| Stepping ~*~*~tactically~*~*~ (stealth).
 10286 | Lair:2   | 10286 ||| INVOKING Heroism.
 10362 | Lair:2   | 10362 ||| INVOKING Heroism.
 10541 | Lair:2   | 10541 ||| INVOKING Heroism.
 10547 | Lair:2   | Received a gift from Okawaru
 10550 | Lair:2   | Reached skill level 9 in Invocations
 10553 | Lair:2   | Received a gift from Okawaru
 10557 | Lair:2   | 10557 ||| INVOKING Heroism.
 10692 | Lair:2   | 10692 ||| INVOKING Heroism.
 11036 | Lair:2   | 11036 ||| DROPPING +6 ring of intelligence.
 11037 | Lair:2   | 11037 ||| DROPPING ring of positive energy.
 11158 | Lair:3   | 11158 ||| Stepping ~*~*~tactically~*~*~ (hiding).
 11159 | Lair:3   | 11159 ||| Stepping ~*~*~tactically~*~*~ (hiding).
 11164 | Lair:3   | Found a staircase to the Snake Pit.
 11393 | Lair:3   | 11393 ||| Stepping ~*~*~tactically~*~*~ (stealth).
 11394 | Lair:3   | Received a gift from Okawaru
 11408 | Lair:3   | 11408 ||| SWAPPING to +1 war axe of freezing.
 11409 | Lair:3   | 11409 ||| DROPPING +0 heavy war axe.
 11573 | Lair:3   | 11573 ||| Stepping ~*~*~tactically~*~*~ (stealth).
 11575 | Lair:3   | 11575 ||| INVOKING Heroism.
 11583 | Lair:3   | Reached skill level 12 in Axes
 11654 | Lair:3   | 11654 ||| INVOKING Heroism.
 11813 | Lair:3   | 11813 ||| INVOKING Heroism.
 11821 | Lair:3   | Reached XP level 13. HP: 80/80 MP: 18/20
 11843 | Lair:3   | Found a staircase to the Swamp.
 12128 | Lair:4   | Reached skill level 9 in Armour
 12133 | Lair:4   | 12133 ||| Stepping ~*~*~tactically~*~*~ (stealth).
 12139 | Lair:4   | 12139 ||| Stepping ~*~*~tactically~*~*~ (stealth).
 12159 | Lair:4   | 12159 ||| INVOKING Heroism.
 12253 | Lair:4   | 12253 ||| Stepping ~*~*~tactically~*~*~ (stealth).
 12340 | Lair:4   | 12340 ||| INVOKING Heroism.
 12348 | Lair:4   | Received a gift from Okawaru
 12460 | Lair:4   | 12460 ||| Stepping ~*~*~tactically~*~*~ (stealth).
 12595 | Lair:4   | 12595 ||| Stepping ~*~*~tactically~*~*~ (stealth).
 12641 | Lair:4   | 12641 ||| Stepping ~*~*~tactically~*~*~ (stealth).
 12972 | Lair:4   | 12972 ||| READING scroll labelled MEGUCH TUBICHEO.
 12973 | Lair:4   | 12973 ||| READING scroll labelled IRIF WATOPEPA.
 12974 | Lair:4   | 12974 ||| READING scroll labelled LARCHE KEUKKOBB.
 12982 | Lair:5   | Entered Level 5 of the Lair of Beasts
 12991 | Lair:5   | 12991 ||| INVOKING Heroism.
 13103 | Lair:5   | 13103 ||| INVOKING Heroism.
 13148 | Lair:5   | 13148 ||| INVOKING Finesse.
 13149 | Lair:5   | 13149 ||| INVOKING Heroism.
 13156 | Lair:5   | 13156 ||| SWAPPING to +0 morningstar.
 13157 | Lair:5   | 13157 ||| SWAPPING to +1 war axe of freezing.
 13158 | Lair:5   | 13158 ||| SWAPPING to +0 morningstar.
 13159 | Lair:5   | 13159 ||| SWAPPING to +1 war axe of freezing.
 13160 | Lair:5   | 13160 ||| SWAPPING to +0 morningstar.
 13161 | Lair:5   | 13161 ||| SWAPPING to +1 war axe of freezing.
 13162 | Lair:5   | 13162 ||| SWAPPING to +0 morningstar.
 13163 | Lair:5   | 13163 ||| SWAPPING to +1 war axe of freezing.
 13164 | Lair:5   | 13164 ||| SWAPPING to +0 morningstar.
 13165 | Lair:5   | 13165 ||| SWAPPING to +1 war axe of freezing.
 13166 | Lair:5   | 13166 ||| SWAPPING to +0 morningstar.
 13167 | Lair:5   | 13167 ||| SWAPPING to +1 war axe of freezing.
 13168 | Lair:5   | 13168 ||| SWAPPING to +0 morningstar.
 13169 | Lair:5   | 13169 ||| SWAPPING to +1 war axe of freezing.
 13170 | Lair:5   | 13170 ||| SWAPPING to +0 morningstar.
 13171 | Lair:5   | 13171 ||| SWAPPING to +1 war axe of freezing.
 13172 | Lair:5   | 13172 ||| SWAPPING to +0 morningstar.
 13173 | Lair:5   | 13173 ||| SWAPPING to +1 war axe of freezing.
 13174 | Lair:5   | 13174 ||| SWAPPING to +0 morningstar.
 13175 | Lair:5   | 13175 ||| SWAPPING to +1 war axe of freezing.
 13176 | Lair:5   | 13176 ||| SWAPPING to +0 morningstar.
 13177 | Lair:5   | 13177 ||| SWAPPING to +1 war axe of freezing.
 13178 | Lair:5   | 13178 ||| SWAPPING to +0 morningstar.
 13179 | Lair:5   | 13179 ||| SWAPPING to +1 war axe of freezing.
 13180 | Lair:5   | 13180 ||| SWAPPING to +0 morningstar.
 13181 | Lair:5   | 13181 ||| SWAPPING to +1 war axe of freezing.
 13182 | Lair:5   | 13182 ||| SWAPPING to +0 morningstar.
 13183 | Lair:5   | 13183 ||| SWAPPING to +1 war axe of freezing.
 13184 | Lair:5   | 13184 ||| SWAPPING to +0 morningstar.
 13185 | Lair:5   | 13185 ||| SWAPPING to +1 war axe of freezing.
 13186 | Lair:5   | 13186 ||| SWAPPING to +0 morningstar.
 13187 | Lair:5   | 13187 ||| SWAPPING to +1 war axe of freezing.
 13188 | Lair:5   | 13188 ||| SWAPPING to +0 morningstar.
 13189 | Lair:5   | 13189 ||| SWAPPING to +1 war axe of freezing.
 13190 | Lair:5   | 13190 ||| SWAPPING to +0 morningstar.
 13191 | Lair:5   | 13191 ||| SWAPPING to +1 war axe of freezing.
 13192 | Lair:5   | 13192 ||| SWAPPING to +0 morningstar.
 13193 | Lair:5   | 13193 ||| SWAPPING to +1 war axe of freezing.
 13194 | Lair:5   | 13194 ||| SWAPPING to +0 morningstar.
 13195 | Lair:5   | 13195 ||| SWAPPING to +1 war axe of freezing.
 13196 | Lair:5   | 13196 ||| SWAPPING to +0 morningstar.
 13197 | Lair:5   | 13197 ||| SWAPPING to +1 war axe of freezing.
 13198 | Lair:5   | 13198 ||| SWAPPING to +0 morningstar.
 13199 | Lair:5   | 13199 ||| SWAPPING to +1 war axe of freezing.
 13200 | Lair:5   | 13200 ||| SWAPPING to +0 morningstar.
 13201 | Lair:5   | 13201 ||| SWAPPING to +1 war axe of freezing.
 13201 | Lair:5   | HP: 18/82 [five-headed hydra (12)]
 13202 | Lair:5   | 13202 ||| READING 2 scrolls of teleportation.
 13203 | Lair:5   | 13203 ||| DRINKING 4 potions of heal wounds.
 13204 | Lair:5   | 13204 ||| SWAPPING to +0 morningstar.
 13205 | Lair:5   | 13205 ||| SWAPPING to +1 war axe of freezing.
 13206 | Lair:5   | 13206 ||| SWAPPING to +0 morningstar.
 13207 | Lair:5   | 13207 ||| SWAPPING to +1 war axe of freezing.
 13208 | Lair:5   | 13208 ||| SWAPPING to +0 morningstar.
 13209 | Lair:5   | 13209 ||| SWAPPING to +1 war axe of freezing.
 13213 | Lair:5   | 13213 ||| INVOKING Finesse.
 13225 | Lair:5   | Reached skill level 13 in Axes
 13229 | Lair:5   | Received a gift from Okawaru
 13231 | Lair:5   | 13231 ||| INVOKING Heroism.
 13232 | Lair:5   | HP: 14/82 [death yak (8)]
 13233 | Lair:5   | 13233 ||| READING scroll of teleportation.
 13234 | Lair:5   | 13234 ||| DRINKING 3 potions of heal wounds.
 13406 | Lair:5   | 13406 ||| INVOKING Heroism.
 13454 | Lair:5   | 13454 ||| INVOKING Finesse.
 13455 | Lair:5   | 13455 ||| INVOKING Heroism.
 13457 | Lair:5   | 13457 ||| SWAPPING to +0 morningstar.
 13458 | Lair:5   | 13458 ||| SWAPPING to +1 war axe of freezing.
 13459 | Lair:5   | 13459 ||| SWAPPING to +0 morningstar.
 13460 | Lair:5   | 13460 ||| SWAPPING to +1 war axe of freezing.
 13461 | Lair:5   | 13461 ||| SWAPPING to +0 morningstar.
 13462 | Lair:5   | 13462 ||| SWAPPING to +1 war axe of freezing.
 13463 | Lair:5   | 13463 ||| SWAPPING to +0 morningstar.
 13464 | Lair:5   | 13464 ||| SWAPPING to +1 war axe of freezing.
 13465 | Lair:5   | 13465 ||| SWAPPING to +0 morningstar.
 13466 | Lair:5   | 13466 ||| SWAPPING to +1 war axe of freezing.
 13467 | Lair:5   | 13467 ||| SWAPPING to +0 morningstar.
 13468 | Lair:5   | 13468 ||| SWAPPING to +1 war axe of freezing.
 13469 | Lair:5   | 13469 ||| SWAPPING to +0 morningstar.
 13470 | Lair:5   | 13470 ||| SWAPPING to +1 war axe of freezing.
 13471 | Lair:5   | 13471 ||| SWAPPING to +0 morningstar.
 13472 | Lair:5   | 13472 ||| SWAPPING to +1 war axe of freezing.
 13473 | Lair:5   | 13473 ||| SWAPPING to +0 morningstar.
 13474 | Lair:5   | 13474 ||| SWAPPING to +1 war axe of freezing.
 13475 | Lair:5   | 13475 ||| SWAPPING to +0 morningstar.
 13476 | Lair:5   | 13476 ||| SWAPPING to +1 war axe of freezing.
 13477 | Lair:5   | 13477 ||| SWAPPING to +0 morningstar.
 13478 | Lair:5   | 13478 ||| SWAPPING to +1 war axe of freezing.
 13479 | Lair:5   | 13479 ||| SWAPPING to +0 morningstar.
 13480 | Lair:5   | 13480 ||| SWAPPING to +1 war axe of freezing.
 13481 | Lair:5   | 13481 ||| SWAPPING to +0 morningstar.
 13482 | Lair:5   | 13482 ||| SWAPPING to +1 war axe of freezing.
 13483 | Lair:5   | 13483 ||| SWAPPING to +0 morningstar.
 13484 | Lair:5   | 13484 ||| SWAPPING to +1 war axe of freezing.
 13485 | Lair:5   | 13485 ||| SWAPPING to +0 morningstar.
 13486 | Lair:5   | 13486 ||| SWAPPING to +1 war axe of freezing.
 13487 | Lair:5   | 13487 ||| SWAPPING to +0 morningstar.
 13488 | Lair:5   | 13488 ||| SWAPPING to +1 war axe of freezing.
 13489 | Lair:5   | 13489 ||| SWAPPING to +0 morningstar.
 13490 | Lair:5   | 13490 ||| SWAPPING to +1 war axe of freezing.
 13491 | Lair:5   | 13491 ||| SWAPPING to +0 morningstar.
 13492 | Lair:5   | 13492 ||| SWAPPING to +1 war axe of freezing.
 13493 | Lair:5   | 13493 ||| SWAPPING to +0 morningstar.
 13494 | Lair:5   | 13494 ||| SWAPPING to +1 war axe of freezing.
 13495 | Lair:5   | 13495 ||| SWAPPING to +0 morningstar.
 13496 | Lair:5   | 13496 ||| SWAPPING to +1 war axe of freezing.
 13497 | Lair:5   | 13497 ||| SWAPPING to +0 morningstar.
 13498 | Lair:5   | 13498 ||| SWAPPING to +1 war axe of freezing.
 13499 | Lair:5   | 13499 ||| SWAPPING to +0 morningstar.
 13500 | Lair:5   | 13500 ||| SWAPPING to +1 war axe of freezing.
 13501 | Lair:5   | 13501 ||| SWAPPING to +0 morningstar.
 13502 | Lair:5   | 13502 ||| SWAPPING to +1 war axe of freezing.
 13503 | Lair:5   | 13503 ||| SWAPPING to +0 morningstar.
 13504 | Lair:5   | 13504 ||| SWAPPING to +1 war axe of freezing.
 13505 | Lair:5   | 13505 ||| SWAPPING to +0 morningstar.
 13506 | Lair:5   | 13506 ||| SWAPPING to +1 war axe of freezing.
 13507 | Lair:5   | 13507 ||| SWAPPING to +0 morningstar.
 13508 | Lair:5   | 13508 ||| SWAPPING to +1 war axe of freezing.
 13509 | Lair:5   | 13509 ||| SWAPPING to +0 morningstar.
 13510 | Lair:5   | 13510 ||| SWAPPING to +1 war axe of freezing.
 13511 | Lair:5   | 13511 ||| SWAPPING to +0 morningstar.
 13512 | Lair:5   | 13512 ||| SWAPPING to +1 war axe of freezing.
 13513 | Lair:5   | 13513 ||| SWAPPING to +0 morningstar.
 13514 | Lair:5   | 13514 ||| SWAPPING to +1 war axe of freezing.
 13515 | Lair:5   | 13515 ||| SWAPPING to +0 morningstar.
 13516 | Lair:5   | 13516 ||| SWAPPING to +1 war axe of freezing.
 13516 | Lair:5   | HP: 18/82 [cane toad (4)]
 13517 | Lair:5   | 13517 ||| DRINKING 2 potions of heal wounds.
 13518 | Lair:5   | 13518 ||| SWAPPING to +0 morningstar.
 13519 | Lair:5   | 13519 ||| SWAPPING to +1 war axe of freezing.
 13520 | Lair:5   | 13520 ||| SWAPPING to +0 morningstar.
 13521 | Lair:5   | 13521 ||| SWAPPING to +1 war axe of freezing.
 13521 | Lair:5   | HP: 17/82 [five-headed hydra (8)]
 13522 | Lair:5   | 13522 ||| DRINKING potion of heal wounds.
 13523 | Lair:5   | 13523 ||| SWAPPING to +0 morningstar.
 13524 | Lair:5   | 13524 ||| SWAPPING to +1 war axe of freezing.
 13525 | Lair:5   | 13525 ||| SWAPPING to +0 morningstar.
 13526 | Lair:5   | 13526 ||| SWAPPING to +1 war axe of freezing.
 13527 | Lair:5   | 13527 ||| SWAPPING to +0 morningstar.
 13528 | Lair:5   | 13528 ||| SWAPPING to +1 war axe of freezing.
 13529 | Lair:5   | 13529 ||| SWAPPING to +0 morningstar.
 13530 | Lair:5   | 13530 ||| SWAPPING to +1 war axe of freezing.
 13531 | Lair:5   | 13531 ||| SWAPPING to +0 morningstar.
 13532 | Lair:5   | 13532 ||| SWAPPING to +1 war axe of freezing.
 13533 | Lair:5   | 13533 ||| SWAPPING to +0 morningstar.
 13534 | Lair:5   | 13534 ||| SWAPPING to +1 war axe of freezing.
 13535 | Lair:5   | 13535 ||| SWAPPING to +0 morningstar.
 13536 | Lair:5   | 13536 ||| SWAPPING to +1 war axe of freezing.
 13537 | Lair:5   | 13537 ||| SWAPPING to +0 morningstar.
 13538 | Lair:5   | 13538 ||| SWAPPING to +1 war axe of freezing.
 13539 | Lair:5   | 13539 ||| SWAPPING to +0 morningstar.
 13540 | Lair:5   | 13540 ||| SWAPPING to +1 war axe of freezing.
 13541 | Lair:5   | 13541 ||| SWAPPING to +0 morningstar.
 13542 | Lair:5   | 13542 ||| SWAPPING to +1 war axe of freezing.
 13542 | Lair:5   | HP: 17/82 [five-headed hydra (11)]
 13543 | Lair:5   | 13543 ||| INVOKING Heroism.
 13543 | Lair:5   | HP: 2/82 [five-headed hydra (11)]
 13544 | Lair:5   | 13544 ||| SWAPPING to +0 morningstar.
 13545 | Lair:5   | 13545 ||| SWAPPING to +1 war axe of freezing.
 13546 | Lair:5   | 13546 ||| SWAPPING to +0 morningstar.
 13546 | Lair:5   | Slain by a cane toad

Levels and vault maps discovered:
D:1:      erik_arrival_cave_to_civilisation [erik_arrival_cave_to_hall],
          layout_loops_ring
D:2:      layout_basic, basic_altar, uniq_robin
D:3:      gammafunk_steamed_eel, layout_rooms
D:4:      layout_loops_ring, mainiacjoe_overflow_cross_hatched,
          minmay_temple_entry_glassed_door, grunt_ministairs_14,
          minmay_pentomino_pile
D:5:      layout_loops_ring, kennysheep_little_box, st_stairs_2,
          nicolae_shop_overcharged_wands
D:6:      layout_basic, serial_shops, shop, nicolae_shop_just_a_little_nook,
          nicolae_shop_temple_entry_statues_fountains, shop,
          nicolae_shop_back_alley_shop, uniq_pikel
D:7:      layout_basic, hex_large, kennysheep_generic_room_12, uniq_duvessa
D:8:      layout_loops_ring, mainiacjoe_overflow_alcove_4,
          lemuel_coloured_pillars_altar, hellmonk_guarded_unrand_dark_maul,
          uniq_grum, uniq_psyche
D:9:      layout_long_grid, lair_entry_dummy, kennysheep_small_circle
Temple:   nicolae_temple_slightly_damp_pantheon
Lair:1:   layout_chaotic_city
Lair:2:   layout_cave_pods, gammafunk_lair_bear_cave,
          infiniplex_staircase_pool_2, lemuel_fruit_fields, lemuel_fruit_tree
Lair:3:   layout_cave_pods, swamp_mist, minmay_snake_entry_guardpost_small,
          minivault_11
Lair:4:   layout_misc_corridors, nicolae_lair_lil_pond, grunt_megastairs_5
Lair:5:   grunt_lair_end_beastmaster, layout_big_grid,
          nicolae_slime_entry_slimehenge

Skill      XL: |  1  2  3  4  5  6  7  8  9 10 11 12 13 |
---------------+----------------------------------------+-----
Axes           | 2 3 4 5 6 7 8 9 10 11 12 13 | 13.0
Throwing       | 1 2 3 4 |  4.0
Fighting       | 4 5 7 8 9 10 | 10.0
Armour         | 4 6 7 8 9 |  9.6
Dodging        | 1 2 |  2.1
Invocations    | 2 4 6 10 | 10.0
Shields        | 4 9 10 11 | 11.0

Action                     |  1- 3 |  4- 6 |  7- 9 | 10-12 | 13-15 || total
---------------------------+-------+-------+-------+-------+-------++-------
  Melee: War axe           |   109 |   123 |   254 |   358 |   164 ||  1008
  Throw: Javelin           |       |     6 |    38 |   115 |    39 ||   198
         Boomerang         |       |       |    14 |    32 |    14 ||    60
 Invoke: Heroism           |       |       |     6 |    29 |     9 ||    44
         Finesse           |       |       |       |       |     3 ||     3
    Use: Scroll            |     4 |     3 |     7 |     7 |     5 ||    26
         Potion            |       |     3 |     3 |       |     4 ||    10
   Stab: Petrified         |       |       |       |       |     4 ||     4
         Petrifying        |       |       |       |       |     1 ||     1
 Armour: Scale mail        |    53 |    53 |       |       |       ||   106
         Plate armour      |       |    24 |   146 |   212 |   186 ||   568
  Dodge: Dodged            |    54 |    77 |   182 |   239 |   172 ||   724
  Block: Buckler           |    19 |    22 |    82 |     1 |       ||   124
         Kite shield       |       |       |       |   335 |   213 ||   548
         Reflection        |       |       |       |     6 |       ||     6

Table legend:
 A = Non-vault XP
 B = Vault XP
 C = Vault XP percentage of total XP
 D = Non-vault monster count
 E = Vault monster count
 F = Vault count percentage of total count
                 A         B        C        D         E       F
            +---------+---------+-------+---------+---------+-------
      Total |   38439 |    8810 |  18.6 |     323 |      42 |  11.5
            +---------+---------+-------+---------+---------+-------
        D:1 |      30 |       3 |   9.1 |      18 |       2 |  10.0
        D:2 |      65 |      28 |  30.1 |      21 |       7 |  25.0
        D:3 |      77 |       0 |   0.0 |      16 |       0 |   0.0
        D:4 |     317 |      84 |  20.9 |      29 |       4 |  12.1
        D:5 |     601 |      24 |   3.8 |      19 |       2 |   9.5
        D:6 |    3165 |     617 |  16.3 |      37 |       1 |   2.6
        D:7 |     674 |     321 |  32.3 |       8 |       4 |  33.3
        D:8 |    1145 |    2706 |  70.3 |      14 |       8 |  36.4
        D:9 |    2853 |     218 |   7.1 |      41 |       2 |   4.7
     Lair:1 |    7049 |       0 |   0.0 |      27 |       0 |   0.0
     Lair:2 |    7816 |     591 |   7.0 |      36 |       4 |  10.0
     Lair:3 |    3836 |     319 |   7.7 |      16 |       2 |  11.1
     Lair:4 |    6980 |     608 |   8.0 |      30 |       2 |   6.2
     Lair:5 |    3831 |    3291 |  46.2 |      11 |       4 |  26.7
            +---------+---------+-------+---------+---------+-------
